 Dungeon Crawl Stone Soup version 0.28-a0-771-g91a516d0e7 (webtiles) character file.

Game seed: 1120600575226611083

39493 Essalna the Destroyer (level 13, 0/101 HPs)
             Began as a Demonspawn Fire Elementalist on Nov 1, 2021.
             Was an Elder of Vehumet.
             Slain by an eight-headed hydra (4 damage)
             ... while petrified by a basilisk
             ... on level 6 of the Lair of Beasts.
             The game lasted 00:41:16 (21815 turns).

Essalna the Destroyer (DsFE)                       Turns: 21815, Time: 00:41:17

Health: 0/101      AC: 19    Str:  9    XL:     13   Next: 69%
Magic:  25/26      EV:  2    Int: 25    God:    Vehumet [****..]
Gold:   811        SH:  0    Dex: 25    Spells: 24/31 levels left

rFire   + + .      SeeInvis +   P - +8 whip "Demonspawn's Peril" {freeze, rPois rN+}
rCold   + + +      Faith    .   (no shield)
rNeg    + + +      Spirit   .   Q - +3 leather armour of Idduas {Rampage rF++ Dex+3}
rPois   ∞          Reflect  +   i - +0 helmet
rElec   +          Harm     .   (no cloak)
rCorr   +          Rampage  +   V - +2 pair of gloves of the Armadillo {rCorr Dex+5 Slay+2}
Will    .....                   O - +0 pair of boots of Zaubek {rC+++ Will- Int+4 SInv}
Stlth   ++........              W - amulet of reflection
HPRegen 0.26/turn               p - +4 ring of protection
MPRegen 0.20/turn               X - ring "Etyipl Kagga" {rElec rN+ EV+4 Dex+3 SInv}

@: petrified
A: molten scales 1, powered by death 1, spiny 1, weakness stinger 2
a: Renounce Religion


You were on level 6 of the Lair of Beasts.
You worshipped Vehumet.
Vehumet was greatly pleased with you.
You visited 3 branches of the dungeon, and saw 17 of its levels.
You also visited: Sewer.

You collected 811 gold pieces.

Inventory:

Hand Weapons
 P - the +8 whip "Demonspawn's Peril" (weapon) {freeze, rPois rN+}
   (You found it on level 1 of the Lair of Beasts)

   It freezes those it strikes, dealing additional cold damage.
   It can also slow down cold-blooded creatures.
   rPois:     It protects you from poison.
   rN:        It protects you from negative energy.
Missiles
 M - a throwing net
Armour
 i - a +0 helmet (worn)
 O - the +0 pair of boots of Zaubek (worn) {rC+++ Will- Int+4 SInv}
   (You found it on level 9 of the Dungeon)

   Int:       It affects your intelligence (+4).
   rC:        It renders you almost immune to cold.
   SInv:      It lets you see invisible.
   Will:      It decreases your willpower.
 Q - the +3 leather armour of Idduas (worn) {Rampage rF++ Dex+3}
   (You found it on level 1 of the Lair of Beasts)

   Dex:       It affects your dexterity (+3).
   rF:        It greatly protects you from fire.
   Rampage:   It bestows one free step when moving towards enemies.
 U - a +1 robe of cold resistance
 V - the +2 pair of gloves of the Armadillo (worn) {rCorr Dex+5 Slay+2}
   (You found it on level 2 of the Lair of Beasts)

   Dex:       It affects your dexterity (+5).
   Slay:      It affects your accuracy & damage with ranged weapons and melee
   (+2).
   rCorr:     It protects you from acid and corrosion.
Magical Staves
 D - a staff of earth
Jewellery
 a - a ring of protection from fire
 p - a +4 ring of protection (left hand)
 q - a ring of wizardry
 v - a ring of positive energy
 T - a ring of ice
 W - an amulet of reflection (around neck)
 X - the ring "Etyipl Kagga" (right hand) {rElec rN+ EV+4 Dex+3 SInv}
   (You found it on level 3 of the Lair of Beasts)

   [ring of evasion]

   EV:        It affects your evasion (+4).
   Dex:       It affects your dexterity (+3).
   rElec:     It insulates you from electricity.
   rN:        It protects you from negative energy.
   SInv:      It lets you see invisible.
Wands
 b - a wand of acid (11)
 F - a wand of mindburst (21)
 G - a wand of iceblast (23)
Scrolls
 c - 6 scrolls of teleportation {unknown}
 h - 10 scrolls of identify {unknown}
 k - 2 scrolls of acquirement {unknown}
 n - 4 scrolls of vulnerability {unknown}
 s - a scroll of magic mapping {unknown}
 w - a scroll of brand weapon {unknown}
 x - 3 scrolls of holy word {unknown}
 y - 2 scrolls of fog {unknown}
 z - 2 scrolls of noise {unknown}
 A - 3 scrolls of fear {unknown}
 C - 2 scrolls of immolation {unknown}
 E - a scroll of enchant armour {unknown}
 J - a scroll of summoning {unknown}
 L - 2 scrolls of amnesia {unknown}
Potions
 e - 3 potions of cancellation {unknown}
 f - 3 potions of lignification
 g - a potion of ambrosia {unknown}
 j - 2 potions of resistance {unknown}
 l - 2 potions of magic {unknown}
 m - 2 potions of berserk rage
 o - 2 potions of haste
 r - 3 potions of heal wounds {unknown}
 B - 2 potions of attraction {unknown}
 I - a potion of might {unknown}
 K - a potion of flight {unknown}
 N - 3 potions of degeneration {unknown}
 S - 3 potions of curing {unknown}


   Skills:
 + Level 9.5 Fighting
 + Level 8.4 Armour
 + Level 8.8 Dodging
 - Level 1.7 Stealth
 + Level 9.9 Spellcasting
 + Level 10.6 Conjurations
 + Level 10.0 Fire Magic


You had 24 spell levels left.
You knew the following spells:

 Your Spells              Type           Power      Damage    Failure   Level
a - Foxfire               Conj/Fire      100%       2x1d9     1%          1
b - Scorch                Fire           100%       2d10      1%          2
c - Flame Wave            Conj/Fire      59%        3d11      1%          4

Your spell library contained the following spells:

 Spells                   Type           Power      Damage    Failure   Level
 Freezing Cloud           Conj/Ice/Air   15%        6-21      11%         5
 Conjure Flame            Conj/Fire      59%        6-21      1%          3
 Inner Flame              Hex/Fire       37%        N/A       1%          3
 Beastly Appendage        Tmut           24%        N/A       7%          1
 Blink                    Tloc           24%        N/A       10%         2
 Wereblood                Tmut           12%        N/A       10%         2
 Lesser Beckoning         Tloc           12%        N/A       21%         3
 Spider Form              Tmut/Pois      6%         N/A       21%         3
 Passage of Golubria      Tloc           12%        N/A       54%         4
 Manifold Assault         Tloc           12%        N/A       88%         5
 Silence                  Hex/Air        6%         N/A       88%         5
 Lehudib's Crystal Spear  Conj/Erth      19%        10d6      100%        8


Dungeon Overview and Level Annotations

Branches:
Dungeon (10/15)            Temple (1/1) D:5            Lair (6/6) D:9
 Shoals (0/4) Lair:3        Snake (0/4) Lair:4        Slime (0/5) Lair:5
  Sewer (visited)
    Orc: D:9-12

Altars:
Ashenzari
Cheibriados
Dithmenos
Elyvilon
Fedhas
Gozag
Hepliaklqana
Kikubaaqudgha
Makhleb
Nemelex Xobeh
Okawaru
Ru
Sif Muna
Trog
Uskayaw
Vehumet
Wu Jian
Xom
Yredelemnul
Zin
The Shining One

Shops:
D:1 [   D:3 *   D:5 [   D:6 !   D:8 [**(

Annotations:
D:7 Maggie
D:8 3 runed translucent doors, technautist's ghost, novice MiFi
Lair:5 2 transporters, Voduybe's ghost, adept HuBe


Innate Abilities, Weirdness & Mutations

You are partially covered in molten scales. (AC +2)
You regenerate a little health from kills.
You are partially covered in sharp spines.
You have a tail ending in a sharp stinger.


Message History

* * * LOW HITPOINT WARNING * * *
The eight-headed hydra bites you but does no damage.
The eight-headed hydra bites you. The basilisk gazes at you.
The eight-headed hydra bites you.
* * * LOW HITPOINT WARNING * * *
The eight-headed hydra bites you.
* * * LOW HITPOINT WARNING * * *
The eight-headed hydra bites you but does no damage.
The eight-headed hydra bites you!
* * * LOW HITPOINT WARNING * * *
The eight-headed hydra bites you.
* * * LOW HITPOINT WARNING * * *
The eight-headed hydra bites you!
* * * LOW HITPOINT WARNING * * *
The eight-headed hydra bites you.
* * * LOW HITPOINT WARNING * * *
The eight-headed hydra bites you.
* * * LOW HITPOINT WARNING * * *
You turn to flesh and can move again.
The basilisk gazes at you.
You struggle to resist.
Found 14 gold pieces.
The basilisk gazes at you.
You are slowing down.
The basilisk gazes at you.
You struggle to resist.
Your limbs are stiffening.
The eight-headed hydra misses you. The eight-headed hydra bites you.
* * * LOW HITPOINT WARNING * * *
The eight-headed hydra bites you but does no damage.
The eight-headed hydra misses you. x2
The eight-headed hydra barely misses you.
The eight-headed hydra bites you but does no damage. x2
You have turned to stone.
The eight-headed hydra is struck by your spines.
The eight-headed hydra bites you but does no damage. x2
The eight-headed hydra completely misses you.
The eight-headed hydra bites you but does no damage. x2
The eight-headed hydra bites you!
You die...

......$......... ........ #..
#.......# #.#.#.. #..####.(..#
#.##... ##.##...#.#..######
#...##. .......l.#...###.[###
#..##..
#.#....†##....###...####..#...
#......##....##.....##.......
#.......#..lD###..#.#....####
####..###...@##...###P..## #
#P. ##...###.#####..P#### ...
###....#....###...#..#
..............P............
........................
........................
.....................}..
..#.....................
..##....................


You could see an eight-headed hydra and a basilisk.

Vanquished Creatures
  Fannar (Lair:1)
  Harold (D:10)
  An ice dragon (Lair:6)
  6 hydras
  A boulder beetle (Lair:6)
  2 two-headed ogres
  4 death yaks (Lair:6)
  2 wolf spiders (Lair:6)
  A merfolk siren (Lair:3)
  8 black mambas
  A torpor snail (Lair:4)
  14 cane toads
  9 komodo dragons
  A rime drake (Lair:4)
  A polar bear (Lair:6)
  4 hornets
  4 dream sheep (Lair:6)
  19 blink frogs
  14 wyverns
  5 basilisks
  30 yaks
  2 steam dragons (D:9)
  A naga (Lair:4)
  18 water moccasins
  Menkaure (D:7)
  A sky beast (D:7)
  An ice beast (D:6)
  4 orc warriors
  3 black bears
  8 wolves
  A hornet zombie (D:9)
  An ogre (D:4)
  A phantom (D:6)
  A centaur (D:9)
  9 kobold brigands
  12 bullfrogs
  6 scorpions
  A water moccasin skeleton (D:5)
  5 killer bees (D:9)
  3 howler monkeys
  A centaur zombie (D:9)
  A bullfrog zombie (D:7)
  A centaur skeleton (D:7)
  3 jellies
  An orc priest (D:5)
  2 hounds
  A bullfrog skeleton (D:5)
  Jessica (D:2)
  3 iguanas
  A scorpion zombie (D:5)
  13 orc wizards
  A killer bee zombie (D:5)
  Robin (D:3)
  A howler monkey zombie (D:8)
  10 adders
  A river rat (Sewer)
  4 white imps
  2 ufetubi
  5 worms
  2 dart slugs
  27 orcs
  8 ball pythons
  10 endoplasms
  8 giant cockroaches
  20 goblins
  7 hobgoblins
  7 jackals
  19 kobolds
  4 quokkas
  4 bats
  2 frilled lizards
  13 rats
  2 butterflies (Lair:3)
394 creatures vanquished.

Vanquished Creatures (collateral kills)
  40 foxfires
40 creatures vanquished.

Vanquished Creatures (others)
  A scorpion (D:9)
  1346 foxfires
  44 fungi
  62 plants
1453 creatures vanquished.

Grand Total: 1887 creatures vanquished

Notes
Turn   | Place    | Note
-------+----------+-------------------------------------------
     0 | D:1      | Essalna the Demonspawn Fire Elementalist began the quest
                  | for the Orb.
     0 | D:1      | Reached XP level 1. HP: 13/13 MP: 3/3
   217 | D:1      | Found Jenaj's Antique Armour Shop.
   414 | D:1      | Gained mutation: You regenerate a little health from kills.
                  | [demonic ancestry]
   414 | D:1      | Reached XP level 2. HP: 19/19 MP: 1/5
   928 | D:1      | Found a faded altar of an unknown god.
  1636 | D:2      | Reached XP level 3. HP: 24/24 MP: 0/6
  2319 | D:2      | Gained mutation: You are partially covered in sharp spines.
                  | [demonic ancestry]
  2319 | D:2      | Reached XP level 4. HP: 30/30 MP: 5/8
  2345 | D:2      | Noticed Jessica
  2350 | D:2      | Killed Jessica
  2484 | D:2      | Noticed a scorpion
  2494 | D:2      | Killed a scorpion
  2495 | D:2      | Gained mutation: You have a small tail. [demonic ancestry]
  2495 | D:2      | Reached XP level 5. HP: 13/35 MP: 4/9
  3446 | D:3      | Learned a level 2 spell: Scorch
  3987 | D:3      | Noticed Robin
  4017 | D:3      | Killed Robin
  4314 | D:3      | Found Olik's Assorted Antiques.
  4334 | D:3      | Gained mutation: You are partially covered in molten
                  | scales. (AC +2) [demonic ancestry]
  4334 | D:3      | Reached XP level 6. HP: 41/41 MP: 11/11
  4899 | D:4      | Learned a level 4 spell: Flame Wave
  5094 | D:4      | Identified the +1 leather armour "Gyvvaf" {Harm Str+3
                  | Stlth+}
  5120 | D:4      | Noticed a yak
  5121 | D:4      | Noticed a yak
  5122 | D:4      | Noticed a yak
  5124 | D:4      | Noticed a yak
  5159 | D:5      | Entered Level 5 of the Dungeon
  5208 | D:5      | Found Ikitanis's Armour Boutique.
  5247 | D:5      | Found a staircase to the Ecumenical Temple.
  5256 | Temple   | Entered the Ecumenical Temple
  5348 | D:5      | Found a glowing drain.
  5361 | Sewer    | Entered a sewer
  5398 | Sewer    | Reached XP level 7. HP: 46/46 MP: 7/13
  6057 | Sewer    | Reached skill level 5 in Fire Magic
  6634 | Sewer    | Reached skill level 1 in Fighting
  6634 | Sewer    | Reached skill level 1 in Armour
  6784 | Sewer    | Reached skill level 5 in Spellcasting
  6887 | D:5      | Reached XP level 8. HP: 54/54 MP: 8/15
  7042 | D:5      | Reached skill level 5 in Conjurations
  7318 | D:5      | Found a shadowy altar of Dithmenos.
  7318 | D:5      | Found a hazy altar of Hepliaklqana.
  7319 | D:5      | Found a hide-covered altar of Uskayaw.
  7615 | D:5      | Found a radiant altar of Vehumet.
  7622 | D:5      | Became a worshipper of Vehumet
  7839 | D:5      | Identified the +3 mace "Coupeer" {freeze, rF+}
  8029 | D:5      | Found a sparkling altar of Nemelex Xobeh.
  8464 | D:4      | Reached XP level 9. HP: 64/64 MP: 4/17
  9176 | D:6      | Found Jiryen's Distillery.
  9827 | D:6      | Paralysed by a hornet for 2 turns
 10321 | D:7      | Noticed Maggie
 10779 | D:7      | Noticed Menkaure
 10783 | D:7      | Killed Menkaure
 11347 | D:7      | Reached * piety under Vehumet
 11347 | D:7      | Offered knowledge of Shock by Vehumet.
 11467 | D:7      | Found a bloodstained altar of Trog.
 11469 | D:7      | Found a broken altar of Ashenzari.
 11474 | D:7      | Found an opulent altar of Gozag.
 11656 | D:8      | Found Peapnowk's General Store.
 11657 | D:8      | Found Ucij Zaa's Antique Weapon Shop.
 11663 | D:8      | Found Unoupnewus's General Store.
 11679 | D:8      | Noticed a two-headed ogre
 11788 | D:8      | Found a runed translucent gate.
 11789 | D:8      | Found a runed translucent gate.
 11789 | D:8      | Found a runed translucent gate.
 11790 | D:8      | Noticed technautist's ghost (novice MiFi)
 11842 | D:8      | Killed a two-headed ogre
 11843 | D:8      | Reached XP level 10. HP: 61/73 MP: 6/20
 11942 | D:8      | Found a basalt altar of Yredelemnul.
 12086 | D:8      | Found Gaaxtir's Armour Shop.
 12519 | D:8      | Reached skill level 5 in Fighting
 12959 | D:9      | Reached skill level 5 in Dodging
 13123 | D:9      | Noticed a two-headed ogre
 13149 | D:10     | Entered Level 10 of the Dungeon
 13266 | D:10     | Noticed Harold
 13288 | D:10     | Killed Harold
 13289 | D:10     | Reached skill level 5 in Armour
 13495 | D:9      | Found a shimmering blue altar of Sif Muna.
 13640 | D:9      | Found a staircase to the Lair.
 13805 | D:9      | Killed a two-headed ogre
 13974 | D:9      | Reached XP level 11. HP: 70/81 MP: 16/22
 14079 | D:9      | Identified the +0 pair of boots of Zaubek {rC+++ Will-
                  | Int+4 SInv}
 14167 | D:9      | Reached ** piety under Vehumet
 14167 | D:9      | Offered knowledge of Searing Ray by Vehumet.
 14177 | Lair:1   | Entered Level 1 of the Lair of Beasts
 14181 | Lair:1   | Identified the +8 whip "Demonspawn's Peril" {freeze, rPois
                  | rN+}
 14481 | Lair:1   | Identified the +3 leather armour of Idduas {Rampage rF++
                  | Dex+3}
 15789 | Lair:2   | Noticed a seven-headed hydra
 15844 | Lair:2   | Killed a seven-headed hydra
 15895 | Lair:2   | Noticed Fannar
 15912 | Lair:1   | Offered knowledge of Dazzling Flash by Vehumet.
 15913 | Lair:1   | Killed Fannar
 16160 | Lair:2   | Reached XP level 12. HP: 91/91 MP: 16/24
 16217 | Lair:2   | Identified the +10 plate armour of the Vacuum {Rampage rN+
                  | Str+2 SInv}
 16282 | Lair:2   | Identified the +2 pair of gloves of the Armadillo {rCorr
                  | Dex+5 Slay+2}
 16416 | Lair:2   | Reached *** piety under Vehumet
 17105 | Lair:3   | Noticed a four-headed hydra
 17111 | Lair:3   | Killed a four-headed hydra
 17173 | Lair:3   | Found a radiant altar of Vehumet.
 17176 | Lair:3   | Identified the ring "Etyipl Kagga" {rElec rN+ EV+4 Dex+3
                  | SInv}
 17345 | Lair:3   | Found a staircase to the Shoals.
 17528 | Lair:3   | Noticed an eight-headed hydra
 17535 | Lair:3   | Killed an eight-headed hydra
 17881 | Lair:4   | Found a staircase to the Snake Pit.
 18410 | Lair:4   | Offered knowledge of Olgreb's Toxic Radiance by Vehumet.
 19232 | Lair:5   | Found a transporter.
 19354 | Lair:5   | Noticed Voduybe's ghost (adept HuBe)
 19462 | Lair:5   | Found a transporter.
 19463 | Lair:5   | Found a bloodstained altar of Trog.
 19573 | Lair:5   | Found a staircase to the Slime Pits.
 19976 | Lair:6   | Entered Level 6 of the Lair of Beasts
 20113 | Lair:6   | Noticed a five-headed hydra
 20199 | Lair:6   | Noticed a boulder beetle
 20212 | Lair:6   | Killed a boulder beetle
 20373 | Lair:6   | Reached **** piety under Vehumet
 20428 | Lair:6   | Noticed an eight-headed hydra
 20436 | Lair:6   | Gained mutation: You have a tail ending in a sharp stinger.
                  | [demonic ancestry]
 20436 | Lair:6   | Reached XP level 13. HP: 89/99 MP: 20/26
 20443 | Lair:6   | Offered knowledge of Freezing Cloud by Vehumet.
 20452 | Lair:6   | Reached skill level 10 in Conjurations
 21267 | Lair:6   | Reached skill level 10 in Fire Magic
 21805 | Lair:6   | HP: 5/101 [eight-headed hydra (3)]
 21814 | Lair:6   | HP: 4/101 [eight-headed hydra (3)]
 21815 | Lair:6   | Slain by an eight-headed hydra

Illustrated notes

Levels and vault maps discovered:
D:1:      psy_arrival_spokes, layout_basic, ebering_ecumenical_altar_hall,
          serial_bayou, serial_bayou_lagoon_b, serial_bayou_shore_b,
          serial_bayou_pond_d, serial_bayou_pond_a, serial_shops, shop,
          chequers_mini_garden, corexii_corridor_pit, minivault_24,
          hangedman_decor_push, minmay_unequal
D:2:      layout_loops_corners, kennysheep_decorative_pillar, minivault_19,
          minmay_tetromino_l4, uniq_jessica
D:3:      minmay_angry_zag, layout_basic, serial_shops, shop, uniq_robin
D:4:      layout_gridville, chequers_avenue, kennysheep_cross_bottleneck
D:5:      layout_loops_ring, nicolae_overflow_hidden_temple,
          gammafunk_temple_overflow_claw, overflow_temple_1_default,
          minmay_temple_entry_mini_moons, cheibrodos_sewer_entry_drain,
          serial_glass, glass_columns_a, glass_columns_a, feat_on_display,
          item_on_display_a, due_unseen_surprise, serial_shops, shop_statue
D:6:      layout_basic, serial_shops, nicolae_square_shop
D:7:      layout_basic, gammafunk_temple_overflow_forgotten, uniq_maggie,
          uniq_menkaure
D:8:      layout_loops_ring, mainiacjoe_overflow_boulevard,
          amcnicky_altar_gilded, gammafunk_ghost_nasty_kobolds,
          minmay_shop_grid_forest, hangedman_decor_diamond_cutter, st_stairs_3,
          hangedman_decor_growths
D:9:      layout_irregular_city, led_sif_pool, grunt_lair_entry_orc_guard_hut,
          kennysheep_generic_room_3
D:10:     layout_rooms, lemuel_tele_altar, orc_david_3, uniq_urug, uniq_harold
Temple:   jpeg_temple_alley_garden
Lair:1:   layout_loops_ring
Lair:2:   layout_small_grid, infiniplex_staircase_pool, uniq_fannar
Lair:3:   layout_regular_city, minmay_shoals_entry_lonely_mermaid, basic_altar,
          beast_lair_carwin_9, lemuel_fruit_fields, lemuel_fruit_tree,
          lemuel_fruit_fields, infiniplex_staircase_pool_2
Lair:4:   layout_roguey, guppyfry_snake_entry_garden
Lair:5:   layout_cave_pods, dpeg_slime_entry_corner,
          gammafunk_ghost_wrathful_warriors
Lair:6:   hangedman_lair_tendril_chambers, layout_regular_city,
          bobbens_ice_dragon_lair

Skill      XL: |  1  2  3  4  5  6  7  8  9 10 11 12 13 |
---------------+----------------------------------------+-----
Fire Magic     | 3 4 5 6 7 8 9 10 | 10.0
Conjurations   | 2 3 4 5 6 7 8 9 10 | 10.6
Spellcasting   | 3 4 5 6 7 8 9 |  9.9
Dodging        | 2 3 4 5 7 8 |  8.8
Fighting       | 1 3 4 6 7 8 9 |  9.5
Armour         | 1 2 4 5 6 7 8 |  8.4
Stealth        | |  1.7

Action                   |  1- 3 |  4- 6 |  7- 9 | 10-12 | 13-15 || total
-------------------------+-------+-------+-------+-------+-------++-------
Melee: Unarmed           |    11 |       |       |       |       ||    11
       Spear             |    55 |    34 |    19 |       |       ||   108
       Tailslap          |       |     4 |     3 |     8 |     3 ||    18
       Trident           |       |       |    10 |    10 |       ||    20
       Whip              |       |       |       |    46 |     9 ||    55
 Cast: Foxfire           |    92 |   162 |   192 |   294 |    92 ||   832
       Scorch            |       |     3 |    80 |   104 |    18 ||   205
       Flame Wave        |       |       |       |    22 |    14 ||    36
  Use: Scroll            |       |     2 |       |       |     1 ||     3
       Potion            |       |       |     2 |       |     1 ||     3
 Stab: Sleeping          |     2 |     1 |       |       |       ||     3
Armor: Robe              |    21 |     9 |    27 |    28 |       ||    85
       Skin              |       |       |     5 |       |       ||     5
       Leather armour    |       |       |       |    61 |    80 ||   141
Dodge: Dodged            |    43 |    11 |    30 |   130 |    83 ||   297
Block: Other             |       |       |       |    18 |    26 ||    44

Table legend: (Time is in decaauts)
 A = Elapsed time spent in this place.
 B = Non-inter-level travel time spent in this place.
 C = Inter-level travel time spent in this place.
 D = Time resting spent in this place.
 E = Time spent auto-exploring this place.
 F = Levels seen in this place.
 G = Mean time per level.
                   A        B        C        D        E       F      G
               +--------+--------+--------+--------+--------+-----+--------+
         Total |  22041 |  21345 |    696 |    403 |  18006 |  18 | 1224.5 |
       Dungeon |  12622 |  12154 |    468 |      0 |  10477 |  10 | 1262.2 |
        Temple |     81 |     42 |     39 |      0 |      0 |   1 |   81.0 |
          Lair |   7639 |   7450 |    189 |    403 |   6065 |   6 | 1273.2 |
         Sewer |   1698 |   1698 |      0 |      0 |   1463 |   1 | 1698.0 |
               +--------+--------+--------+--------+--------+-----+--------+

Top non-repeatable levels by time:
     D:2: 1779 daAuts
   Sewer: 1698 daAuts
     D:1: 1646 daAuts
  Lair:5: 1614 daAuts
     D:4: 1538 daAuts
     D:7: 1448 daAuts
  Lair:6: 1431 daAuts
     D:5: 1367 daAuts
  Lair:1: 1298 daAuts
     D:9: 1274 daAuts
  Lair:2: 1245 daAuts
     D:3: 1170 daAuts
     D:8: 1123 daAuts
     D:6: 1119 daAuts
  Lair:3: 1036 daAuts
